[Event "GambitGuide"]
[Site "Internet Chess Club"]
[Date "2014.10.31"]
[Round "1"]
[White "JSBach"]
[Black "jmkchess"]
[Result "1/2-1/2"]
[ICCResult "Game drawn by mutual agreement"]
[WhiteElo "1643"]
[BlackElo "2024"]
[Opening "Vienna: `Frankenstein-Dracula' variation"]
[ECO "C27"]
[NIC "VG.02"]
[Time "22:57:32"]
[TimeControl "120+12"]

1. e4 e5 2. Nc3 Nf6 3. Bc4 Nxe4 4. Qh5 Nd6 5. Bb3 Nc6 6. Nb5 g6 7. Qf3 f5 8.
Qd5 Qe7 9. Nxc7+ Kd8 10. Nxa8 b6 11. d3 Bb7 12. Nxb6 axb6 13. Qf3 Nd4 14.
Qg3 f4 15. Qg4 g5 16. Ba4 h5 17. Qd1 Bxg2 18. c3 Bxh1 19. cxd4 exd4+ 20. Qe2
Bc6 21. Bd1 Bg7 22. Qxe7+ Kxe7 23. Bd2 Kf6 24. Bb4 Re8+ 25. Kd2 Nf5 26. Bxh5
Rh8 27. Bf3 Rxh2 28. Ke2 Nh4 29. Bg4 Kf7 30. Bd6 Bf8 31. Be5 Bg7 32. Bd6 Kf6
33. Re1 Nf5 34. Bxf5 Kxf5 35. Bc7 b5 36. Bd6 Be5 37. Bxe5 Kxe5 38. Nf3+
Bxf3+ 39. Kxf3+ Kf5 40. Ke2 Rh8 41. Kd1 Ra8 42. a3 b4 43. axb4 Rb8 44. Kc2
Rxb4 45. Re7 Rb7 46. b3 Rc7+ 47. Kd2 Kg4 48. Re4 Kf3 49. Ke1 Rc3 50. Rxd4
Rxb3 51. Rd5 g4 52. Kd1 Rb7 53. Ke1 g3 54. fxg3 fxg3 55. Rd6 Rb4 56. Rxd7 g2
57. Rf7+ Kg3 58. Rg7+ Kh2 59. Rh7+ Kg1 60. Ke2 Rb6 61. d4 Re6+ 62. Kd3 Kf2
63. Rf7+ Ke1 64. Rg7 Re2 65. d5 Kf1 66. d6 Re1 67. Rf7+ Kg1 68. d7 Rd1+ 69.
Ke2 Rd6 70. Ke3 Kh1 71. Rh7+ Kg1 72. Ke4 Kf1 73. Rf7+ Ke1 74. Rg7 Kf1 75.
Rf7+ Ke1 76. Rg7 Kf1 77. Rf7+ Ke1 78. Rg7 Kf1 79. Rf7+ Ke1 80. Rg7 Kf2 81.
Rf7+ Ke2 82. Rg7 Kf2 83. Rf7+ Ke1 84. Rg7 Ke2 85. Rxg2+ Kd1 86. Rg7 Kc2 87.
Ke5 Rd1 88. Re7 Kc3 89. Ke4 Kc4 90. Ke5 Kc5 91. Rf7 Kc6 92. Rf6+ Kxd7 93.
Rf8 Kc6 94. Rf4 Kc7 95. Rf7+ Rd7 96. Rf2 Re7+ 97. Kd5 Rd7+ 98. Ke6 Rd6+ 99.
Kf5 {Game drawn by mutual agreement} 1/2-1/2

[Event "GambitGuide"]
[Site "Internet Chess Club"]
[Date "2014.10.31"]
[Round "1"]
[White "JSBach"]
[Black "fearlessone"]
[Result "0-1"]
[ICCResult "White checkmated"]
[WhiteElo "1643"]
[BlackElo "1812"]
[Opening "Vienna: `Frankenstein-Dracula' variation"]
[ECO "C27"]
[NIC "VG.02"]
[Time "22:59:39"]
[TimeControl "120+12"]

1. e4 e5 2. Nc3 Nf6 3. Bc4 Nxe4 4. Qh5 Nd6 5. Bb3 Nc6 6. Nb5 g6 7. Qf3 f5 8.
Qd5 Qe7 9. Nxc7+ Kd8 10. Nxa8 b6 11. d3 Bb7 12. Nxb6 axb6 13. Qf3 Bg7 14.
Be3 Nd4 15. Qh3 Nxb3 16. Bxb6+ Kc8 17. axb3 g5 18. b4 h5 19. Ra7 f4 20. Nf3
g4 21. Qh4 Bf6 22. Bd8 Qxd8 23. Qxf6 Qxf6 24. Nd2 Kb8 25. Ra1 Bxg2 26. Rg1
f3 27. Ra6 Kb7 28. Ne4 Nxe4 29. Rxf6 Nxf6 30. b3 e4 31. dxe4 Nxe4 32. c4 Re8
33. b5 Nc5+ 34. Kd1 Nxb3 35. Kc2 Nc5 36. Rd1 Re2+ 37. Rd2 Rxd2+ 38. Kxd2 Kb6
39. Ke3 Ne6 40. Ke4 Kc5 41. Ke3 Nd8 42. Ke4 Nb7 43. Kd3 Nd6 44. b6 Kxb6 45.
Kd4 Kc6 46. c5 Nb7 47. Ke3 Nxc5 48. Kd4 Ne6+ 49. Kc3 Ng5 50. Kd3 Nh3 51. Kc3
Nxf2 52. Kd4 Nh3 53. Ke3 Kd5 54. Kd3 Ke5 55. Ke3 Kf5 56. Kd3 Kf4 57. Kc4 f2
58. Kc5 d5 59. Kb5 f1=Q+ 60. Kb4 Ke3 61. Kc3 d4+ 62. Kb4 d3 63. Kc5 d2 64.
Kb6 d1=Q 65. Ka5 Qb1 66. Ka4 Qa6# {White checkmated} 0-1

[Event "GambitGuide"]
[Site "Internet Chess Club"]
[Date "2014.10.31"]
[Round "1"]
[White "JSBach"]
[Black "FischerKing"]
[Result "1-0"]
[ICCResult "Black resigns"]
[WhiteElo "1643"]
[BlackElo "1739"]
[Opening "Vienna: `Frankenstein-Dracula' variation"]
[ECO "C27"]
[NIC "VG.02"]
[Time "22:59:05"]
[TimeControl "120+12"]

1. e4 e5 2. Nc3 Nf6 3. Bc4 Nxe4 4. Qh5 Nd6 5. Bb3 Nc6 6. Nb5 g6 7. Qf3 f5 8.
Qd5 Qe7 9. Nxc7+ Kd8 10. Nxa8 b6 11. d3 Nd4 12. h4 Bg7 13. Bg5 Bf6 14. Bxf6
Qxf6 15. O-O-O Bb7 16. Nxb6 axb6 17. Re1 Bxd5 18. Bxd5 Kc7 19. c3 Nc6 20.
Nf3 e4 21. dxe4 Nxe4 22. Bxe4 fxe4 23. Rxe4 Ra8 24. a3 Qf5 25. Rhe1 Na5 26.
Kd1 Nb3 27. c4 Nc5 28. Nd4 Qxf2 29. Nb5+ Kc6 30. Nd4+ Kb7 31. Rg4 h5 32.
Rge4 Qxg2 33. R4e3 Qxb2 34. Nf3 Nb3 35. Rd3 Qb1+ 36. Ke2 Re8+ 37. Re3 Rxe3+
38. Kxe3 Qf5 39. Rg1 Nc5 40. Kf2 Ne4+ 41. Ke3 Nf6 42. Rf1 Qe4+ 43. Kf2 Ng4+
44. Kg1 Qe2 45. a4 Kc6 46. Nd4+ Kc5 47. Nxe2 Kxc4 48. Rb1 Kd3 49. Nf4+
{Black resigns}
1-0

[Event "GambitGuide"]
[Site "Internet Chess Club"]
[Date "2014.10.31"]
[Round "1"]
[White "JSBach"]
[Black "justinchess"]
[Result "1/2-1/2"]
[ICCResult "Game drawn because neither player has mating material"]
[WhiteElo "1643"]
[BlackElo "1815"]
[Opening "Vienna: `Frankenstein-Dracula' variation"]
[ECO "C27"]
[NIC "VG.02"]
[Time "22:37:59"]
[TimeControl "120+12"]

1. e4 e5 2. Nc3 Nf6 3. Bc4 Nxe4 4. Qh5 Nd6 5. Bb3 Nc6 6. Nb5 g6 7. Qf3 f5 8.
Qd5 Qe7 9. Nxc7+ Kd8 10. Nxa8 b6 11. d3 Nd4 12. h4 Bb7 13. Bg5 Bxd5 14.
Bxe7+ Bxe7 15. Nxb6 Bxb3 16. Rc1 axb6 17. axb3 h5 18. Kd2 Bf8 19. Kd1 Bh6
20. Ra1 Kc7 21. Ra7+ Nb7 22. b4 Nc6 23. Ra4 Nd6 24. Nf3 e4 25. dxe4 Nxe4 26.
Rf1 b5 27. Ra1 Nxb4 28. Ra7+ Kd6 29. Nd4 Nc6 30. Nxb5+ Kc5 31. Rb7 Rd8 32.
Na7 Nd6 33. Nxc6 Kxc6 34. Ra7 Kb6 35. Ra4 Ne4 36. Ra1 d5 37. f3 Ng3 38. Re1
Rd6 39. b4 d4 40. Re5 d3 41. c4 Rc6 42. Rb5+ Kc7 43. Ra7+ Kd6 44. Rd5+ Ke6
45. Rxd3 Rxc4 46. Ra6+ Ke5 47. Ra5+ Ke6 48. Ra6+ Ke5 49. Ra5+ Ke6 50. Ra6+
Ke5 51. Ra5+ Ke6 52. Ra6+ Ke5 53. Ra5+ Ke6 54. Ra6+ Ke5 55. Ra5+ Ke6 56.
Ra6+ Ke5 57. Ra5+ Ke6 58. Ra6+ Ke5 59. Ra5+ Ke6 60. Ra6+ Ke5 61. Ra5+ Ke6
62. Ra6+ Ke5 63. Ra5+ Ke6 64. Ra6+ Ke5 65. Ra5+ Ke6 66. Ra6+ Ke5 67. Ra5+
Ke6 68. Ra6+ Ke5 69. Ra5+ Ke6 70. Ra6+ Ke5 71. Ra5+ Ke6 72. Ra6+ Ke5 73.
Ra5+ Ke6 74. Ra6+ Ke5 75. Ra5+ Ke6 76. Ra6+ Ke5 77. Ra5+ Ke6 78. Ra6+ Ke5
79. Ra5+ Ke6 80. Ra6+ Ke5 81. Ra5+ Ke6 82. Ra6+ Ke5 83. Ra5+ Ke6 84. Ra6+
Ke5 85. Ra5+ Ke6 86. Ra6+ Ke5 87. Ra5+ Ke6 88. Ra6+ Ke5 89. Ra5+ Ke6 90.
Ra6+ Ke5 91. Ra5+ Ke6 92. Ra6+ Ke5 93. Ra5+ Ke6 94. Ra6+ Ke5 95. Ra5+ Ke6
96. Ra6+ Ke5 97. Ra5+ Ke6 98. Ra6+ Ke5 99. Ra5+ Ke6 100. Ra6+ Ke5 101. Ra5+
Ke6 102. Ra6+ Ke5 103. Ra5+ Ke6 104. Ra6+ Ke5 105. Ra5+ Ke6 106. Ra6+ Ke5
107. Ra5+ Ke6 108. Ra6+ Ke5 109. Ra5+ Ke6 110. Ra6+ Ke5 111. Ra5+ Ke6 112.
Ra6+ Ke5 113. Ra5+ Ke6 114. Ra6+ Ke7 115. Ra7+ Ke8 116. Ra8+ Kf7 117. Ra7+
Kf6 118. Ra6+ Ke5 119. Ra5+ Kf4 120. b5 Rb4 121. Rd6 Bf8 122. Rxg6 Rb2 123.
Ra4+ Bb4 124. Kc1 Rb3 125. Re6 Nf1 126. b6 Kg3 127. Kc2 Rc3+ 128. Kd1 Rd3+
129. Ke2 Rd2+ 130. Ke1 Rb2+ 131. Rxb4 Rxb4 132. Kxf1 Rb1+ 133. Ke2 Kxg2 134.
Rf6 Kg3 135. Rxf5 Kxh4 136. Rf6 Kg3 137. f4 h4 138. Ke3 h3 139. Rg6+ Kh4
140. Kf2 Rb2+ 141. Kf3 Rb3+ 142. Kf2 Rb2+ 143. Ke3 Rb3+ 144. Kf2 Rb2+ 145.
Kf3 Rb3+ 146. Kf2 Rb2+ 147. Ke3 Rb3+ 148. Kf2 Rb2+ 149. Kf3 Rb3+ 150. Kf2
Rb2+ 151. Kf3 Rb3+ 152. Ke4 h2 153. Rh6+ Kg3 154. Rg6+ Kf2 155. Rh6 Kg2 156.
f5 h1=Q 157. Rxh1 Kxh1 158. b7 Kg2 159. f6 Rxb7 160. Ke5 Kf3 161. Kf5 Ke3
162. Ke6 Rb6+ 163. Kf5 Rb7 164. Ke6 Ke4 165. f7 Rb6+ 166. Ke7 Rb7+ 167. Ke8
Rb8+ 168. Ke7 Rb7+ 169. Ke8 Rb8+ 170. Ke7 Rb7+ 171. Ke8 Rb8+ 172. Ke7 Rb7+
173. Ke8 Rb8+ 174. Ke7 Ke5 175. f8=Q Rb7+ 176. Ke8 Rb8+ 177. Kf7 Rxf8+ 178.
Kxf8 {Game drawn because neither player has mating material} 1/2-1/2

[Event "GambitGuide"]
[Site "Internet Chess Club"]
[Date "2014.10.31"]
[Round "1"]
[White "JSBach"]
[Black "SlippinAway"]
[Result "1-0"]
[ICCResult "Black resigns"]
[WhiteElo "1643"]
[BlackElo "2064"]
[Opening "Vienna: `Frankenstein-Dracula' variation"]
[ECO "C27"]
[NIC "VG.02"]
[Time "23:00:30"]
[TimeControl "120+12"]

1. e4 e5 2. Nc3 Nf6 3. Bc4 Nxe4 4. Qh5 Nd6 5. Bb3 Nc6 6. Nb5 g6 7. Qf3 f5 8.
Qd5 Qe7 9. Nxc7+ Kd8 10. Nxa8 b6 11. d3 Bg7 12. Nh3 h6 13. Ba4 Bb7 14. Nxb6
axb6 15. Qb3 Kc7 16. Be3 Nc8 17. Qb5 f4 18. Bd2 g5 19. Qc4 Nd6 20. Qb3 Nf5
21. Qc4 Kb8 22. Bc3 Rc8 23. Qb5 Qd8 24. O-O d5 25. f3 Nfd4 26. Bxd4 Nxd4 27.
Qb4 Bf8 28. Qd2 Bc5 29. Nf2 e4 30. fxe4 dxe4 31. Qd1 e3 32. Qg4 exf2+ 33.
Kh1 b5 34. Bb3 Nxb3 35. axb3 Qd5 36. Ra5 Bc6 37. Qh3 h5 38. c4 bxc4 39. dxc4
Qd3 40. Qxd3 {Black resigns} 1-0

[Event "GambitGuide"]
[Site "Internet Chess Club"]
[Date "2014.10.31"]
[Round "1"]
[White "JSBach"]
[Black "jmkchess"]
[Result "1-0"]
[ICCResult "Black checkmated"]
[WhiteElo "1643"]
[BlackElo "2024"]
[Opening "Vienna: `Frankenstein-Dracula' variation"]
[ECO "C27"]
[NIC "VG.02"]
[Time "23:01:10"]
[TimeControl "120+12"]

1. e4 e5 2. Nc3 Nf6 3. Bc4 Nxe4 4. Qh5 Nd6 5. Bb3 Nc6 6. Nb5 g6 7. Qf3 f5 8.
Qd5 Qe7 9. Nxc7+ Kd8 10. Nxa8 b6 11. d3 Bb7 12. Nxb6 axb6 13. Qf3 Nd4 14.
Qg3 f4 15. Qg4 g5 16. Bd2 h5 17. Qd1 Bxg2 18. c3 Nxb3 19. Qxb3 Bxh1 20.
Qxb6+ Ke8 21. O-O-O Bc6 22. Re1 Bg7 23. Ne2 Kf7 24. d4 Qd8 25. Qb3+ Kg6 26.
d5 Bb5 27. Qb4 Qc7 28. b3 Bxe2 29. Rxe2 Nf5 30. Qe4 d6 31. c4 Ra8 32. Bb4
Rb8 33. Ba3 Ra8 34. Bb4 Rb8 35. Ba3 Ra8 36. Bb4 Rb8 37. Bc3 Bh6 38. h3 g4
39. Re1 f3+ 40. Kd1 Bf4 41. hxg4 hxg4 42. Rg1 Kg5 43. Qxf3 Nh6 44. Qe2 Qf7
45. Rh1 Qf5 46. Qc2 Qf6 47. Qh7 Ra8 48. a4 Rb8 49. b4 Rc8 50. Qe4 Qf5 51.
Re1 g3 52. fxg3 Qg4+ 53. Kc2 Bxg3 54. Bd2+ Bf4 55. Bc3 Nf5 56. Kb3 Ne3 57.
Rxe3 Bxe3 58. Qxe3+ Qf4 59. Qxf4+ Kxf4 60. a5 e4 61. a6 e3 62. b5 Ke4 63. b6
Kd3 64. Bb4 e2 65. Be1 Rxc4 66. Kb2 Rc2+ 67. Kb1 Rc5 68. b7 Rb5+ 69. Ka2 Kc2
70. a7 Rxb7 71. a8=Q Rb2+ 72. Ka3 Rb1 73. Qc6+ Kd1 74. Bg3 Rc1 75. Kb2 Rxc6
76. dxc6 d5 77. c7 d4 78. c8=Q d3 79. Qc1# {Black checkmated} 1-0

[Event "GambitGuide"]
[Site "Internet Chess Club"]
[Date "2014.10.31"]
[Round "1"]
[White "JSBach"]
[Black "FischerKing"]
[Result "1-0"]
[ICCResult "Black resigns"]
[WhiteElo "1643"]
[BlackElo "1739"]
[Opening "Vienna: `Frankenstein-Dracula' variation"]
[ECO "C27"]
[NIC "VG.02"]
[Time "23:02:28"]
[TimeControl "120+12"]

1. e4 e5 2. Nc3 Nf6 3. Bc4 Nxe4 4. Qh5 Nd6 5. Bb3 Nc6 6. Nb5 g6 7. Qf3 f5 8.
Qd5 Qe7 9. Nxc7+ Kd8 10. Nxa8 b6 11. d3 Nd4 12. f4 Bb7 13. Qxe5 Qxe5+ 14.
fxe5 Nxb3 15. Bg5+ Kc8 16. cxb3 Bxa8 17. Rc1+ Kb8 18. Bf6 Rg8 19. Kf2 Ne8
20. Nf3 Nxf6 21. exf6 Bc5+ 22. d4 Bd6 23. Ne5 Bxe5 24. dxe5 Bd5 25. Rhd1 Be6
26. Rd4 g5 27. b4 g4 28. g3 Rd8 29. Rd3 Bxa2 30. b3 d6 31. e6 {Black
resigns} 1-0

[Event "GambitGuide"]
[Site "Internet Chess Club"]
[Date "2014.10.31"]
[Round "1"]
[White "JSBach"]
[Black "fearlessone"]
[Result "0-1"]
[ICCResult "White checkmated"]
[WhiteElo "1643"]
[BlackElo "1812"]
[Opening "Vienna: `Frankenstein-Dracula' variation"]
[ECO "C27"]
[NIC "VG.02"]
[Time "23:02:24"]
[TimeControl "120+12"]

1. e4 e5 2. Nc3 Nf6 3. Bc4 Nxe4 4. Qh5 Nd6 5. Bb3 Nc6 6. Nb5 g6 7. Qf3 f5 8.
Qd5 Qe7 9. Nxc7+ Kd8 10. Nxa8 b6 11. d3 Bb7 12. Nxb6 axb6 13. Qf3 Nd4 14.
Qg3 Nxb3 15. axb3 Bg7 16. Be3 Bf6 17. Bxb6+ Kc8 18. Ne2 g5 19. b4 h5 20. Ra7
f4 21. Bd8 Qxd8 22. Nxf4 exf4 23. Qh3 g4 24. Rxb7 Kxb7 25. Qxh5 Rxh5 26. O-O
Qh8 27. h3 gxh3 28. c3 hxg2 29. Kxg2 Rh2+ 30. Kf3 Qh3+ 31. Ke2 f3+ 32. Ke3
Qxf1 33. Kf4 Qxf2 34. b3 Bxc3 35. d4 Rh4+ 36. Kg5 Qg3+ 37. Kf6 Re4 38. b5 f2
39. b4 f1=Q# {White checkmated} 0-1

[Event "GambitGuide"]
[Site "Internet Chess Club"]
[Date "2014.10.31"]
[Round "1"]
[White "JSBach"]
[Black "LarryLudwig"]
[Result "1-0"]
[ICCResult "Black checkmated"]
[WhiteElo "1643"]
[BlackElo "1030"]
[Opening "Vienna: `Frankenstein-Dracula' variation"]
[ECO "C27"]
[NIC "VG.02"]
[Time "23:01:49"]
[TimeControl "120+12"]

1. e4 e5 2. Nc3 Nf6 3. Bc4 Nxe4 4. Qh5 Nd6 5. Bb3 Nc6 6. Nb5 g6 7. Qf3 f5 8.
Qd5 Qe7 9. Nxc7+ Kd8 10. Nxa8 b6 11. d3 Bb7 12. Nxb6 axb6 13. Qf3 Nd4 14.
Qg3 Bg7 15. Bg5 Bf6 16. Bxf6 Qxf6 17. Ba4 Bc6 18. Bb3 Nxb3 19. axb3 Nb5 20.
Ra6 Nd4 21. c3 Nc2+ 22. Kf1 Bb5 23. Ra8+ Ke7 24. Rxh8 e4 25. Rxh7+ Ke6 26.
c4 Bc6 27. Ne2 Qxb2 28. Qxg6+ Ke5 29. Re7# {Black checkmated} 1-0

[Event "GambitGuide"]
[Site "Internet Chess Club"]
[Date "2014.10.31"]
[Round "1"]
[White "JSBach"]
[Black "trivialpursuit"]
[Result "1-0"]
[ICCResult "Black resigns"]
[WhiteElo "1643"]
[BlackElo "1634"]
[Opening "Vienna: `Frankenstein-Dracula' variation"]
[ECO "C27"]
[NIC "VG.02"]
[Time "23:00:54"]
[TimeControl "120+12"]

1. e4 e5 2. Nc3 Nf6 3. Bc4 Nxe4 4. Qh5 Nd6 5. Bb3 Nc6 6. Nb5 g6 7. Qf3 f5 8.
Qd5 Qe7 9. Nxc7+ Kd8 10. Nxa8 b6 11. d3 Bb7 12. Nxb6 axb6 13. Qf3 Kc7 14. c3
h5 15. Bd5 e4 16. dxe4 Nxe4 17. Qf4+ Qe5 18. Nf3 Qxf4 19. Bxf4+ Bd6 20.
Bxd6+ Kxd6 21. Rd1 Kc7 22. h4 Re8 23. Bf7 Re7 24. Bxg6 Nxc3+ 25. Kd2 Nxd1
26. Rxd1 Ne5 27. Rc1+ Kb8 28. Bxh5 Nxf3+ 29. Bxf3 Bxf3 30. gxf3 Rh7 31. Rh1
Kc7 32. a4 Kd6 33. h5 Rh6 34. b4 Kd5 35. a5 bxa5 36. bxa5 Kc5 37. Ke3 Kb5
38. Kf4 Kxa5 39. Kg5 Rh8 40. Rd1 Rd8 41. h6 d5 42. h7 Kb5 43. Rxd5+
{Black resigns}
1-0

[Event "GambitGuide"]
[Site "Internet Chess Club"]
[Date "2014.10.31"]
[Round "1"]
[White "JSBach"]
[Black "SlippinAway"]
[Result "0-1"]
[ICCResult "White checkmated"]
[WhiteElo "1643"]
[BlackElo "2064"]
[Opening "Vienna: `Frankenstein-Dracula' variation"]
[ECO "C27"]
[NIC "VG.02"]
[Time "23:03:21"]
[TimeControl "120+12"]

1. e4 e5 2. Nc3 Nf6 3. Bc4 Nxe4 4. Qh5 Nd6 5. Bb3 Nc6 6. Nb5 g6 7. Qf3 f5 8.
Qd5 Qe7 9. Nxc7+ Kd8 10. Nxa8 b6 11. d3 Bg7 12. Nh3 h6 13. Ba4 Bb7 14. Nxb6
axb6 15. Qb3 Kc7 16. Be3 Nc8 17. Qc4 f4 18. Bd2 g5 19. Bc3 Nd6 20. Qb3 Nf5
21. Bb5 Nfd4 22. Qa4 Qe6 23. Bc4 Qf5 24. Bxd4 Nxd4 25. Kf1 Ra8 26. Qb4 Bxg2+
27. Kxg2 Qg4+ 28. Kf1 Qxh3+ 29. Ke1 Qf3 30. Qxb6+ Kxb6 31. Kd2 Qe2+ 32. Kc3
Qxc2+ 33. Kb4 Nc6# {White checkmated} 0-1

[Event "GambitGuide"]
[Site "Internet Chess Club"]
[Date "2014.10.31"]
[Round "1"]
[White "JSBach"]
[Black "FischerKing"]
[Result "1-0"]
[ICCResult "Black resigns"]
[WhiteElo "1643"]
[BlackElo "1739"]
[Opening "Vienna: `Frankenstein-Dracula' variation"]
[ECO "C27"]
[NIC "VG.02"]
[Time "23:04:14"]
[TimeControl "120+12"]

1. e4 e5 2. Nc3 Nf6 3. Bc4 Nxe4 4. Qh5 Nd6 5. Bb3 Nc6 6. Nb5 g6 7. Qf3 f5 8.
Qd5 Qe7 9. Nxc7+ Kd8 10. Nxa8 b6 11. d3 Nd4 12. f4 Bb7 13. Qxe5 Nxb3 14.
axb3 Bxg2 15. Nxb6 axb6 16. Kf2 Bxh1 17. Qxh8 Nb5 18. c4 Qc5+ 19. Be3 Nd4
20. Bxd4 {Black resigns} 1-0

[Event "GambitGuide"]
[Site "Internet Chess Club"]
[Date "2014.10.31"]
[Round "1"]
[White "JSBach"]
[Black "LittleMaster"]
[Result "1/2-1/2"]
[ICCResult "Game drawn by repetition"]
[WhiteElo "1643"]
[BlackElo "2304"]
[Opening "Vienna: `Frankenstein-Dracula' variation"]
[ECO "C27"]
[NIC "VG.02"]
[Time "23:00:57"]
[TimeControl "120+12"]

1. e4 e5 2. Nc3 Nf6 3. Bc4 Nxe4 4. Qh5 Nd6 5. Bb3 Nc6 6. Nb5 g6 7. Qf3 f5 8.
Qd5 Qe7 9. Nxc7+ Kd8 10. Nxa8 b6 11. d3 Bb7 12. Nxb6 axb6 13. Qf3 Nd4 14.
Qg3 f4 15. Qg4 e4 16. Bxf4 exd3+ 17. Kd1 dxc2+ 18. Bxc2 Ne6 19. Be3 Bg7 20.
Bxb6+ Kc8 21. Rc1 Kb8 22. b3 Nb5 23. Be3 Nc3+ 24. Ke1 Rc8 25. a4 Na2 26. Rd1
Rxc2 27. Ne2 Nc3 28. Rd2 Rxd2 29. Bxd2 Nxe2 30. Qxe2 Bxg2 31. Rg1 Bb7 32.
Rg4 Qa3 33. Rc4 Qxb3 34. Rb4 Qd5 35. f3 Bf8 36. Rb5 Bc5 37. Kf1 Qf5 38. Be3
Qh3+ 39. Kg1 Nf4 40. Rxb7+ Kc8 41. Rb8+ Kxb8 42. Qb5+ Ka8 43. Qa6+ Kb8 44.
Qb5+ Ka8 45. Qa5+ Kb7 46. Qb5+ Ka8 47. Qa5+ Kb8 48. Qb5+ Ka8 49. Qa6+ Kb8
50. Qb5+ Ka8 51. Qa5+ Kb8 52. Qb5+ Ka8 53. Qa5+ Kb8 54. Qb5+ Ka8 55. Qa6+
Kb8 56. Qb5+ Ka8 57. Qa6+ Kb8 58. Qb5+ Ka8 59. Qa5+ Kb7 60. Qb5+ Ka8
{Game drawn by repetition}
1/2-1/2

[Event "GambitGuide"]
[Site "Internet Chess Club"]
[Date "2014.10.31"]
[Round "1"]
[White "JSBach"]
[Black "Svinotigr"]
[Result "1-0"]
[ICCResult "Black resigns"]
[WhiteElo "1643"]
[BlackElo "1757"]
[Opening "Vienna: `Frankenstein-Dracula' variation"]
[ECO "C27"]
[NIC "VG.02"]
[Time "22:58:40"]
[TimeControl "120+12"]

1. e4 e5 2. Nc3 Nf6 3. Bc4 Nxe4 4. Qh5 Nd6 5. Bb3 Nc6 6. Nb5 g6 7. Qf3 f5 8.
Qd5 Qe7 9. Nxc7+ Kd8 10. Nxa8 b6 11. d3 Bb7 12. Nxb6 axb6 13. Qf3 Nd4 14.
Qh3 e4 15. Be3 exd3 16. O-O-O Nxb3+ 17. cxb3 Ba6 18. Bxb6+ Kc8 19. Nf3 Ne4
20. Bd4 Bg7 21. Be3 Qd6 22. Kb1 f4 23. Ba7 Kb7 24. Rhe1 Re8 25. Bc5 Qxc5 26.
Qxd7+ Kb6 27. Qxg7 Qc2+ 28. Ka1 Nxf2 29. Qxh7 Nxd1 30. Qxg6+ Ka5 31. b4+
Kxb4 32. a3+ Ka5 33. b4+ Ka4 34. Qxa6+ Kb3 35. Nd4+ Kc3 36. Nxc2 dxc2 37.
Qc6+ Kd2 38. Qd7+ Kc3 39. Rxd1 {Black resigns} 1-0

[Event "GambitGuide"]
[Site "Internet Chess Club"]
[Date "2014.10.31"]
[Round "1"]
[White "JSBach"]
[Black "fearlessone"]
[Result "0-1"]
[ICCResult "White checkmated"]
[WhiteElo "1643"]
[BlackElo "1812"]
[Opening "Vienna: `Frankenstein-Dracula' variation"]
[ECO "C27"]
[NIC "VG.02"]
[Time "23:05:00"]
[TimeControl "120+12"]

1. e4 e5 2. Nc3 Nf6 3. Bc4 Nxe4 4. Qh5 Nd6 5. Bb3 Nc6 6. Nb5 g6 7. Qf3 f5 8.
Qd5 Qe7 9. Nxc7+ Kd8 10. Nxa8 b6 11. d3 Bb7 12. Nxb6 axb6 13. Qf3 Bg7 14.
Be3 Nd4 15. Qh3 Nxb3 16. Bxb6+ Kc8 17. axb3 g5 18. b4 h5 19. Ra7 f4 20. Nf3
g4 21. Qh4 Bf6 22. Bd8 Qxd8 23. Qxf6 Qxf6 24. Nd2 Kb8 25. Ra3 Bxg2 26. Rg1
f3 27. Ra6 Kb7 28. Ne4 Nxe4 29. Rxf6 Nxf6 30. b3 e4 31. dxe4 Nxe4 32. c4 Re8
33. b5 Nc5+ 34. Kd1 Nxb3 35. Kc2 Nc5 36. Rd1 Re2+ 37. Rd2 Rxd2+ 38. Kxd2 Kb6
39. Ke3 Nb7 40. Kd4 Na5 41. Kc3 Kc5 42. b6 Kxb6 43. Kd4 Kc6 44. c5 Nb7 45.
Ke5 Nxc5 46. Kd4 Kd6 47. Ke3 Ne6 48. Ke4 Ng5+ 49. Kf4 Nh3+ 50. Ke3 Ke5 51.
Kd2 Nxf2 52. Ke1 Nh3 53. Kd1 Ke4 54. Ke1 f2+ 55. Kd2 f1=Q 56. Kc3 d5 57. Kc2
d4 58. Kb2 Ke3 59. Kb3 Kd2 60. Ka3 d3 61. Kb2 Qc1+ 62. Kb3 Qc2+ 63. Ka3 Qb1
64. Ka4 Kc1 65. Ka5 d2 66. Ka6 d1=Q 67. Ka5 Qd5+ 68. Ka4 Qda2#
{White checkmated}
0-1

[Event "GambitGuide"]
[Site "Internet Chess Club"]
[Date "2014.10.31"]
[Round "1"]
[White "JSBach"]
[Black "losscause"]
[Result "1-0"]
[ICCResult "Black resigns"]
[WhiteElo "1643"]
[BlackElo "1290"]
[Opening "Vienna: `Frankenstein-Dracula' variation"]
[ECO "C27"]
[NIC "VG.02"]
[Time "23:07:16"]
[TimeControl "120+12"]

1. e4 e5 2. Nc3 Nf6 3. Bc4 Nxe4 4. Qh5 Nd6 5. Bb3 Nc6 6. Nb5 g6 7. Qf3 f5 8.
Qd5 Qe7 9. Nxc7+ Kd8 10. Nxa8 b6 11. d3 Bb7 12. Nxb6 axb6 13. Qf3 Nd4 14.
Qg3 f4 15. Qg4 N4f5 16. Nf3 Qf6 17. O-O h5 18. Qh3 g5 19. g4 hxg4 20. Qxg4
Bxf3 21. Qxf3 Rh4 22. Re1 g4 23. Qa8+ Ke7 24. Bxf4 {Black resigns} 1-0

[Event "GambitGuide"]
[Site "Internet Chess Club"]
[Date "2014.10.31"]
[Round "1"]
[White "JSBach"]
[Black "Sunny2002"]
[Result "1-0"]
[ICCResult "Black resigns"]
[WhiteElo "1643"]
[BlackElo "1164"]
[Opening "Vienna: `Frankenstein-Dracula' variation"]
[ECO "C27"]
[NIC "VG.02"]
[Time "23:06:19"]
[TimeControl "120+12"]

1. e4 e5 2. Nc3 Nf6 3. Bc4 Nxe4 4. Qh5 Nd6 5. Bb3 Nc6 6. Nb5 g6 7. Qf3 f5 8.
Qd5 Qe7 9. Nxc7+ Kd8 10. Nxa8 b6 11. d3 Bb7 12. Nxb6 axb6 13. Qf3 Nd4 14.
Qg3 f4 15. Qg4 Bh6 16. Ba4 e4 17. Kf1 b5 18. Bb3 exd3 19. cxd3 Rf8 20. Nh3
f3 21. gxf3 Qe2+ 22. Kg1 Nxf3+ 23. Kg2 Ne5+ 24. Qe4 Bxe4+ 25. dxe4 Qf3+ 26.
Kg1 Bxc1 27. Rxc1 Nxe4 28. Rc2 Qg4+ 29. Kf1 Nd3 30. Rg1 Qf3 31. Bd5 Nd2+ 32.
Rxd2 Qxd5 33. Ng5 Qc4 34. Nxh7 Nxb2+ 35. Kg2 Nd3 36. Nxf8 Qf4 37. Ne6+ dxe6
38. Rxd3+ Ke7 39. Rgd1 Qe4+ 40. Kh3 g5 41. Kg3 Qf4+ 42. Kg2 g4 43. a3 e5 44.
R1d2 e4 45. Rd7+ Ke6 46. Kg1 e3 47. R2d6+ Ke5 48. Rd5+ Ke4 49. Rd4+ Kf3 50.
Rxf4+ Kxf4 51. fxe3+ Kf3 52. Re7 {Black resigns} 1-0

[Event "GambitGuide"]
[Site "Internet Chess Club"]
[Date "2014.10.31"]
[Round "1"]
[White "JSBach"]
[Black "FischerKing"]
[Result "1-0"]
[ICCResult "Black checkmated"]
[WhiteElo "1643"]
[BlackElo "1739"]
[Opening "Vienna: `Frankenstein-Dracula' variation"]
[ECO "C27"]
[NIC "VG.02"]
[Time "23:05:15"]
[TimeControl "120+12"]

1. e4 e5 2. Nc3 Nf6 3. Bc4 Nxe4 4. Qh5 Nd6 5. Bb3 Nc6 6. Nb5 g6 7. Qf3 f5 8.
Qd5 Qe7 9. Nxc7+ Kd8 10. Nxa8 b6 11. d3 Nd4 12. h4 Bg7 13. Bg5 Bf6 14. Bxf6
Qxf6 15. O-O-O Bb7 16. Nxb6 axb6 17. Re1 Bxd5 18. Bxd5 Kc7 19. c3 Nc6 20.
Nf3 Re8 21. h5 g5 22. Re2 e4 23. dxe4 Nxe4 24. Rhe1 h6 25. Nd2 Nxc3 26. Rxe8
Nxd5 27. f3 Nce7 28. Kb1 Qf7 29. Rc1+ Kb7 30. Rh8 Qxh5 31. Rd8 Qg6 32. Rxd7+
Ka6 33. b3 Qe6 34. Rd8 Ne3 35. g3 N7d5 36. Nc4 Nxc4 37. Rxc4 Qe1+ 38. Rc1
Qd2 39. Ra8+ Kb7 40. Rac8 Nb4 41. R1c7+ Ka6 42. Ra8+ Kb5 43. a4#
{Black checkmated}
1-0

[Event "GambitGuide"]
[Site "Internet Chess Club"]
[Date "2014.10.31"]
[Round "1"]
[White "JSBach"]
[Black "Svinotigr"]
[Result "1-0"]
[ICCResult "Black resigns"]
[WhiteElo "1643"]
[BlackElo "1757"]
[Opening "Vienna: `Frankenstein-Dracula' variation"]
[ECO "C27"]
[NIC "VG.02"]
[Time "23:05:52"]
[TimeControl "120+12"]

1. e4 e5 2. Nc3 Nf6 3. Bc4 Nxe4 4. Qh5 Nd6 5. Bb3 Nc6 6. Nb5 g6 7. Qf3 f5 8.
Qd5 Qe7 9. Nxc7+ Kd8 10. Nxa8 b6 11. d3 Bb7 12. Nxb6 axb6 13. Qf3 Nd4 14.
Qg3 Bg7 15. Bg5 Bf6 16. Bxf6 Qxf6 17. Ba4 b5 18. Bb3 g5 19. Nh3 g4 20. Ng1
h5 21. h3 f4 22. Qh2 e4 23. hxg4 exd3 24. O-O-O dxc2 25. Bxc2 Nxc2 26. Kxc2
Be4+ 27. Kc1 Nc4 28. Qh4 Qxh4 29. Rxh4 Bxg2 30. b3 Ne5 31. Rxh5 Rg8 32. Rxe5
{Black resigns}
1-0

[Event "GambitGuide"]
[Site "Internet Chess Club"]
[Date "2014.10.31"]
[Round "1"]
[White "JSBach"]
[Black "fearlessone"]
[Result "1-0"]
[ICCResult "Black resigns"]
[WhiteElo "1643"]
[BlackElo "1812"]
[Opening "Vienna: `Frankenstein-Dracula' variation"]
[ECO "C27"]
[NIC "VG.02"]
[Time "23:07:02"]
[TimeControl "120+12"]

1. e4 e5 2. Nc3 Nf6 3. Bc4 Nxe4 4. Qh5 Nd6 5. Bb3 Nc6 6. Nb5 g6 7. Qf3 f5 8.
Qd5 Qe7 9. Nxc7+ Kd8 10. Nxa8 b6 11. d3 Bb7 12. Nxb6 axb6 13. Qf3 Nd4 14.
Qg3 Bg7 15. Bg5 Bf6 16. Bxf6 Qxf6 17. Ba4 b5 18. Bb3 Nxb3 19. axb3 g5 20.
Nh3 Nf7 21. Ra5 Bc6 22. c4 bxc4 23. dxc4 h5 24. Ra7 f4 25. Qd3 Qd6 26. Qxd6
Nxd6 27. Nxg5 Rg8 28. Nf3 Rxg2 29. Nxe5 Be4 30. Rxd7+ Ke8 31. Rxd6 Rg5 32.
Re6+ Kf8 33. Nd7+ Kg8 34. Rxe4 {Black resigns} 1-0